Zazza, lawful female dwarven Valkyrie ---- --- ---- |..-- ---- ------- ---.--- ----- ---..| ---...| ---..| ---.|.|.-- ---.....-------------...-- |.%..| --.....| ----....| --........-- |........................| ---- |...----......| |......-- |..........-- |.......------------....-- |..|--.-----.....--- --.....------...*. ....---.........--- --.....-- |<.|...| --..|..-- |-...........`................|......| |.......| |.--.--- |...|.-- |....-------..................|......| --... ..-- |.....|---.--|.| ---.-..| ---.....---......*...|......-- |.... ..-- |.....||...| |.| |.u@..-- --.......-------.--.----.^|.-- --... ...| |.|...--.--- |.| ------.----- |...--.....| ------ ---|.| ---.....-- |.|......| |.|--....>.| --..||..--.--- ------|.| |.......| |.|--....| |.--...----- ------..|...---- |.....|.| |......-- |.|......| |....--- |..|--....| |.....|.| --..^.-- |.|.|...-- ---..--- ----|.....-- ----....| ----.| --...|-..| |....| |......| |..|.| |.| |..---|..| --...-- |.....-- |..|.| |.|--- |..| ---- |....| |.....| |-...| |.|..| |..| --...| ---...| |....| |....| ---- ----- ----- --.--- ---.-- --- --- Zazza the Fighter Experience level: 6 Strength: 15 Dexterity: 15 Constitution: 16 Intelligence: 8 Wisdom: 10 Charisma: 9 Health: 0(50) Energy: 10(10) Def: 9 Gold: 497 Moves: 4237 Dungeon seed: cKlsBAvXyRBlkr0S Game ID: Zazza_1529078594 Your Inventory: Coins $ - 497 gold pieces Weapons a - a blessed rusty corroded +1 long sword (weapon in hand) b - a +0 dagger f - a +3 orcish dagger j - 15 +0 darts B - 7 cursed -1 darts E - a +0 long sword F - a +0 morning star I - 8 blessed +0 darts J - a +1 elven dagger Armor e - an uncursed +3 small shield (being worn) n - a cursed -1 pair of levitation boots q - an uncursed +0 leather armor r - an uncursed +0 chain mail (being worn) N - an uncursed +1 elven mithril-coat Y - an uncursed +0 Hawaiian shirt Scrolls G - an uncursed scroll of enchant weapon L - a cursed scroll of blank paper Potions g - an uncursed potion of speed l - an uncursed potion of restore ability x - an uncursed potion of extra healing A - a blessed potion of healing Tools H - an uncursed leash K - 4 uncursed wax candles (0:400) Gems y - 2 uncursed worthless pieces of violet glass z - an uncursed worthless piece of white glass Spells and supernatural/magical abilities: Name Level Category Fail Memory W - pray for help -- divine ? -- Your skills at the end: Fighting Skills Weapon Skills dagger [Basic] long sword [Skilled] Spellcasting Skills Final Attributes: You were piously aligned. You were cold resistant. You were poison resistant. You had infravision. You were stealthy. You are dead. Vanquished creatures: 2 small mimics a dingo an imp a shrieker a guardian naga hatchling a ghoul a paper golem a floating eye a kitten 2 homunculi a rabid rat a giant bat 3 orc zombies 2 iguanas 2 killer bees 2 acid blobs 2 coyotes a gas spore 2 hobbits 3 large kobolds 2 giant rats a green mold a red mold 5 gnomes 3 geckos 2 jackals a kobold 3 goblins a sewer rat 6 grid bugs a bat 4 lichens 3 kobold zombies 10 newts 74 creatures vanquished. Voluntary challenges: You used a wielded weapon 93 times, starting on turn 226. You were illiterate. You never genocided any monsters. You never polymorphed an object. You never changed form. You used no wishes. You never split a pudding. You never wrote Elbereth's name. You never violated your personal moral code. Dungeon overview: The Dungeons of Doom: levels 1 to 4 Level 1 (gold room) a long staircase Level 2 Level 3 an altar to Odin Level 4 a general store stairs to The Gnomish Mines The Gnomish Mines: Level 5 <- You were here stairs to The Dungeons of Doom History has recorded: On T:1 you entered the Dungeons of Doom to retrieve the Amulet of Yendor! On T:539 you reached level 2 of The Dungeons of Doom. On T:995 you advanced to experience level 2. On T:1200 you reached level 3 of The Dungeons of Doom. On T:1578 you advanced to experience level 3. On T:2073 you advanced to experience level 4. On T:2654 you reached level 4 of The Dungeons of Doom. On T:2733 you advanced to experience level 5. On T:3486 you reached level 1 of The Gnomish Mines. On T:4092 you advanced to experience level 6. Score breakdown: Gold: 497 ( 9175 points) Experience: 6 levels (12456 points) Exploration: 5 levels ( 10.87%) ( 8944 points) Discoveries: 1 item ( 0.41%) ( 1912 points) Valuables value: (no points given unless you survive) Artifact value: 0 ( 0 points) Variety of kills: 34 monsters ( 8.92%) ( 8961 points) Turncount: 4237 turns (-1109 points) Survival: died (score multiplied by 80%) Total score: 32271 Latest messages: You hit it. The pony kicks! The pony misses. The pony kicks! The pony bites! You miss it. The pony kicks! The pony bites! The pony misses. The pony bites! You begin praying to Tyr. You are surrounded by a shimmering light. The pony starts to attack you, but pulls back. (4x) You feel that Tyr is well-pleased. You hit it. The pony kicks! The pony misses. You miss it. The pony kicks! The pony misses. You miss it. The pony kicks! The pony bites! You die... Final status: Farvel Zazza the Valkyrie, killed by a pony... You died in The Gnomish Mines on dungeon level 5 with 32271 points, and 497 pieces of gold, after 4237 moves. You were level 6 with a maximum of 50 hit points when you died.